 Dungeon Crawl Stone Soup version 0.24-a0-789-g35933f4585 (webtiles) character file.

Game seed: 3162634955794095946, levelgen mode: deterministic

7319 Kohma the Destroyer (level 10, -8/90 HPs)
             Began as a White Draconian Conjurer on Oct 10, 2019.
             Was a Believer of Vehumet.
             Mangled by Ripnakha's ghost (20 damage)
             ... on level 9 of the Dungeon.
             The game lasted 00:42:48 (11650 turns).

Kohma the Destroyer (White Draconian Conjurer)     Turns: 11650, Time: 00:42:48

Health: -8/90      AC: 11    Str: 10    XL:     10   Next: 90%
Magic:  8/21       EV: 13    Int: 18    God:    Vehumet [**....]
Gold:   492        SH:  0    Dex: 13    Spells: 1/24 levels left

rFire    + . .     SeeInvis .   z - +1 long sword (drain)
rCold    + . .     Gourm    .   (no shield)
rNeg     . . .     Faith    .   (armour unavailable)
rPois    .         Spirit   .   (helmet restricted)
rElec    .         Reflect  .   h - +0 cloak
rCorr    .         Harm     .   r - +0 pair of gloves
MR       .....                  k - +1 pair of boots
Stlth    ++........             (no amulet)
HPRegen  0.25/turn              f - ring of protection from fire
MPRegen  0.17/turn              B - ring of flight

@: about to teleport
A: breathe frost, unfitting armour, cold resistance 1, cold-blooded, AC +7
a: Breathe Frost, Renounce Religion, Evoke Flight


You were on level 9 of the Dungeon.
You worshipped Vehumet.
Vehumet was pleased with you.
You were not hungry.

You visited 2 branches of the dungeon, and saw 10 of its levels.

You collected 492 gold pieces.

Inventory:

Hand Weapons
 n - a +2 whip of flaming
 q - a +6 dagger of speed
 z - a +1 long sword of draining (weapon)
Missiles
 d - 8 curare-tipped darts (quivered)
 j - 27 poisoned darts
 o - 2 throwing nets
Armour
 h - a +0 cloak (worn)
 k - a +1 pair of boots (worn)
 r - a +0 pair of gloves (worn)
 y - a +0 shield
Magical Staves
 c - an uncursed staff of power
 w - an uncursed staff of summoning
 F - an uncursed staff of air
Jewellery
 f - a ring of protection from fire (left hand)
 B - a ring of flight (right hand)
Wands
 u - a wand of paralysis (4)
 v - a wand of acid (6)
 C - a wand of disintegration (20)
 D - a wand of flame (14)
Scrolls
 a - 3 scrolls of amnesia
 e - 5 scrolls of remove curse
 g - 3 scrolls of enchant weapon
 i - 3 scrolls of teleportation
 m - 5 scrolls of fog
 A - a scroll of brand weapon
Potions
 l - 2 potions of lignification
 p - a potion of brilliance
 s - a potion of haste {unknown}
 t - 3 potions of might
 x - a potion of flight
Miscellaneous
 E - a phial of floods
Comestibles
 b - 11 rations


   Skills:
 + Level 8.9 Fighting
 - Level 3.7 Dodging
 - Level 1.7 Stealth
 * Level 5.3 Shields
 + Level 7.8 Spellcasting
 - Level 9.0 Conjurations
 - Level 3.9 Hexes
 - Level 3.0 Translocations
 - Level 3.0 Poison Magic
 + Level 0.3 Evocations


You had one spell level left.
You knew the following spells:

 Your Spells              Type           Power        Failure   Level  Hunger
a - Magic Dart            Conj           ####         1%          1    None
b - Searing Ray           Conj           #####.       1%          2    None
c - Fulminant Prism       Conj/Hex       ####......   7%          4    ###....
d - Iskenderun's Mystic   Conj           #####...     2%          4    ###....
e - Blink                 Tloc           N/A          4%          2    None
f - Mephitic Cloud        Conj/Pois/Air  ###.....     6%          3    #......
g - Invisibility          Hex            ###.....     96%         6    ######.
h - Apportation           Tloc           ###...       3%          1    None

Your spell library contained the following spells:

 Spells                   Type           Power        Failure   Level  Hunger
 Freeze                   Ice            #...         10%         1    None
 Summon Butterflies       Summ           #.......     10%         1    None
 Dazzling Spray           Conj/Hex       ####..       1%          3    #......
 Slow                     Hex            ###.....     3%          2    None
 Conjure Flame            Conj/Fire      ###.....     4%          3    #......
 Tukima's Dance           Hex            ###.....     6%          3    #......
 Lesser Beckoning         Tloc           ###.......   9%          3    #......
 Force Lance              Conj/Tloc      ####....     9%          4    ###....
 Call Imp                 Summ           #.......     16%         2    None
 Alistair's Intoxication  Tmut/Pois      ##......     83%         5    #####..


Dungeon Overview and Level Annotations

Branches:
Dungeon (9/15)             Temple (1/1) D:7
   Lair: D:8-11         Orc: D:9-12

Altars:
Ashenzari
Cheibriados
Dithmenos
Elyvilon
Fedhas
Gozag
Hepliaklqana
Kikubaaqudgha
Makhleb
Nemelex Xobeh
Okawaru
Qazlal
Ru
Sif Muna
Trog
Uskayaw
Vehumet
Wu Jian
Xom
Yredelemnul
Zin
The Shining One

Annotations:
D:9 Gastronok; Ripnakha's ghost, novice TrMo


Innate Abilities, Weirdness & Mutations

You can breathe waves of freezing cold.
You can buffet flying creatures when you breathe cold.
Your icy white scales are hard. (AC +7)
You cannot fit into any form of body armour.
Your flesh is cold resistant. (rC+)
You are cold-blooded and may be slowed by cold attacks.


Message History

The searing ray hits Ripnakha's ghost but does no damage.
Ripnakha's ghost is moderately damaged. (Press . to maintain the ray.) Ripnakha's ghost hits you!
The searing ray hits Ripnakha's ghost!
Ripnakha's ghost is moderately damaged.
Ripnakha's ghost hits you but does no damage.
The searing ray hits Ripnakha's ghost!
Ripnakha's ghost is heavily damaged.
Ripnakha's ghost hits you!!
* * * LOW HITPOINT WARNING * * *
The searing ray hits Ripnakha's ghost!
Ripnakha's ghost is heavily damaged.
You finish channeling your searing ray.
Ripnakha's ghost hits you!
* * * LOW HITPOINT WARNING * * *
You feel better.
Ripnakha's ghost hits you but does no damage.
As you read the scroll of teleportation, it crumbles to dust.
You feel strangely unstable. Ripnakha's ghost hits you!!
You die...

.............#
####. #
####..#.####.##
#..W. . #
#.......#... ###W'
# #....#.......
#...W
#.##.####(...##.#.
##.!.
.................#
#....
..##.......#..#.##
##.%$
......[.W<>...#
..8.
########@#.####
##### #...#...
#.##....... #.#
.###### #.# .#
#.##.# #.# .# #.#
.# #.# .#


You could see Ripnakha's ghost.

Vanquished Creatures
  Pikel (D:3)
  A necromancer (D:9)
  Maurice (D:9)
  Joseph (D:8)
  Prince Ribbit (D:9)
  Grinder (D:5)
  3 hippogriffs
  A wraith (D:9)
  A spriggan (D:8)
  Eustachio (D:5)
  4 humans (D:8)
  A hungry ghost (D:9)
  2 orc warriors
  2 sky beasts
  A slave (D:2)
  2 black bears (D:9)
  3 phantoms
  3 ogres
  3 centaurs
  A big kobold (D:7)
  Blork the orc (D:5)
  Dowan (D:4)
  2 bullfrogs
  A water moccasin zombie (D:6)
  A wyvern skeleton (D:8)
  2 scorpions
  4 killer bees (D:8)
  9 wights
  4 howler monkeys
  3 crimson imps
  2 jellies
  4 hounds
  A centaur skeleton (D:7)
  2 orc priests
  A bullfrog skeleton (D:3)
  4 iguanas
  9 orc wizards
  3 polar bear simulacra (D:9)
  2 worker ants
  Terence (D:3)
  4 wolf simulacra (D:9)
  A hound zombie (D:8)
  A hound skeleton (D:4)
  A howler monkey zombie (D:9)
  12 adders
  3 gnolls (D:8)
  A howler monkey skeleton (D:4)
  A shadow imp (D:5)
  A worm (D:2)
  2 dart slugs
  5 leopard geckos
  27 orcs
  7 bats
  8 giant cockroaches
  11 goblins
  3 hobgoblins
  10 jackals
  2 ball pythons
  3 frilled lizards (D:2)
  A jackal skeleton (D:4)
  A jackal zombie (D:6)
  4 kobolds
  A leopard gecko skeleton (D:7)
  7 rats
  4 river rat simulacra (D:9)
212 creatures vanquished.

Vanquished Creatures (others)
  A slave (D:4)
  Duvessa (D:4)
  24 fulminant prisms
26 creatures vanquished.

Grand Total: 238 creatures vanquished

Notes
Turn   | Place    | Note
-------+----------+-------------------------------------------
     0 | D:1      | Kohma the Draconian Conjurer began the quest for the Orb.
     0 | D:1      | Reached XP level 1. HP: 14/14 MP: 3/3
   209 | D:1      | Reached XP level 2. HP: 17/22 MP: 0/5
   424 | D:1      | Learned a level 2 spell: Searing Ray
   467 | D:1      | Reached skill level 1 in Fighting
   996 | D:2      | Reached XP level 3. HP: 28/28 MP: 4/6
  1277 | D:2      | Reached XP level 4. HP: 36/36 MP: 1/7
  1424 | D:2      | Reached skill level 5 in Conjurations
  1695 | D:3      | Found a shimmering altar of Xom.
  1695 | D:3      | Found an ornate altar of the Wu Jian Council.
  2061 | D:3      | Noticed Terence
  2067 | D:3      | Learned a level 4 spell: Fulminant Prism
  2072 | D:3      | Killed Terence
  2072 | D:3      | Reached XP level 5. HP: 42/42 MP: 4/9
  2573 | D:4      | Reached XP level 6. HP: 51/51 MP: 2/11
  2675 | D:4      | Reached skill level 6 in Conjurations
  2936 | D:4      | Learned a level 4 spell: Iskenderun's Mystic Blast
  2966 | D:4      | Noticed a slave
  2966 | D:4      | Noticed Pikel
  2967 | D:4      | Noticed a slave
  2967 | D:4      | Noticed Duvessa
  2968 | D:4      | Noticed a slave
  2969 | D:4      | Noticed a slave
  2969 | D:4      | Noticed Dowan
  3016 | D:2      | Killed a slave
  3259 | D:3      | Killed Pikel
  3259 | D:3      | Reached skill level 7 in Conjurations
  3259 | D:3      | Your scales start taking on an icy white colour.
  3259 | D:3      | Reached XP level 7. HP: 38/60 MP: 0/13
  3259 | D:3      | Gained mutation: Your flesh is cold resistant. (rC+) [White
                  | Draconian growth]
  3387 | D:4      | Killed Duvessa
  3392 | D:4      | Killed Dowan
  3513 | D:4      | Reached XP level 8. HP: 67/67 MP: 14/14
  3520 | D:4      | Reached skill level 5 in Fighting
  3622 | D:4      | Reached skill level 8 in Conjurations
  3749 | D:4      | Found a radiant altar of Vehumet.
  3757 | D:4      | Became a worshipper of Vehumet
  3928 | D:5      | Entered Level 5 of the Dungeon
  3970 | D:5      | Noticed Blork the orc
  3971 | D:5      | Noticed Eustachio
  3984 | D:5      | Killed Blork the orc
  3987 | D:5      | Reached skill level 5 in Spellcasting
  4076 | D:5      | Killed Eustachio
  4322 | D:5      | Found a basalt altar of Yredelemnul.
  4322 | D:5      | Noticed Grinder
  4336 | D:5      | Paralysed by Grinder for 5 turns
  4338 | D:5      | Killed Grinder
  4338 | D:5      | Reached skill level 1 in Hexes
  4397 | D:5      | Learned a level 2 spell: Blink
  4401 | D:5      | Learned a level 3 spell: Mephitic Cloud
  4554 | D:5      | Reached skill level 9 in Conjurations
  5248 | D:6      | Reached skill level 1 in Translocations
  5318 | D:6      | Reached XP level 9. HP: 75/75 MP: 8/17
  5352 | D:6      | Reached skill level 1 in Poison Magic
  5831 | D:6      | Reached * piety under Vehumet
  5831 | D:6      | Offered knowledge of Flame Tongue by Vehumet.
  6049 | D:6      | Found a glowing golden altar of the Shining One.
  6189 | D:7      | Found a staircase to the Ecumenical Temple.
  6658 | D:7      | Found an opulent altar of Gozag.
  7088 | Temple   | Entered the Ecumenical Temple
  7345 | D:8      | Reached skill level 1 in Shields
  7729 | D:8      | Reached ** piety under Vehumet
  7729 | D:8      | Offered knowledge of Freeze by Vehumet.
  7729 | D:8      | Reached XP level 10. HP: 80/88 MP: 12/20
  8373 | D:8      | Noticed Joseph
  8734 | D:8      | Found a white marble altar of Elyvilon.
  8929 | D:8      | Killed Joseph
  9460 | D:9      | Learned a level 6 spell: Invisibility
  9462 | D:9      | Learned a level 1 spell: Apportation
  9953 | D:9      | Found a hide-covered altar of Uskayaw.
 10016 | D:9      | Found a runed translucent gate.
 10017 | D:9      | Found a runed translucent gate.
 10017 | D:9      | Found a runed translucent gate.
 10019 | D:9      | Noticed Ripnakha's ghost (novice TrMo)
 10139 | D:9      | Noticed Prince Ribbit
 10151 | D:9      | Killed Prince Ribbit
 10201 | D:9      | Noticed Maurice
 10266 | D:9      | Killed Maurice
 10411 | D:9      | Noticed Gastronok
 10986 | D:9      | Noticed a necromancer
 10995 | D:9      | Killed a necromancer
 10995 | D:9      | Reached skill level 5 in Shields
 11650 | D:9      | Mangled by Ripnakha's ghost

Levels and vault maps discovered:
D:1:      dpeg_chamrin_arrival_tetris, layout_basic
D:2:      layout_rooms, minivault_4
D:3:      layout_rooms, gammafunk_temple_overflow_elements, uniq_terence
D:4:      layout_rooms, marbit_many_paths, uniq_pikel, uniq_duvessa
D:5:      layout_loops_cross, basic_altar, first_ration, kennysheep_diamond,
          uniq_blork_the_orc, uniq_grinder, uniq_eustachio
D:6:      layout_loops_ring, kennysheep_little_box
D:7:      layout_rooms, grunt_gozag_breadcrumbs, temple_pool_b
D:8:      layout_loops_ring, basic_altar, the_bakery, minmay_ruffians,
          uniq_joseph
D:9:      layout_basic, lemuel_round_altar, gammafunk_ghost_spectres,
          eino_house_with_fridge, uniq_gastronok, uniq_maurice,
          uniq_prince_ribbit1
Temple:   kb_temple_of_zot

Skill      XL: |  1  2  3  4  5  6  7  8  9 10 |
---------------+-------------------------------+-----
Fighting       | 1 2 3 4 6 7 8 |  8.9
Conjurations   | 5 7 9 |  9.0
Spellcasting   | 3 4 5 6 7 |  7.8
Hexes          | 1 3 |  3.9
Translocations | 1 3 |  3.0
Poison Magic   | 3 |  3.0
Dodging        | 2 3 |  3.7
Shields        | 2 5 |  5.3
Stealth        | |  1.7
Evocations     | |  0.3

Action                   |  1- 3 |  4- 6 |  7- 9 | 10-12 || total
-------------------------+-------+-------+-------+-------++-------
Melee: Dagger            |    18 |       |   142 |       ||   160
       Tailslap          |     2 |    10 |    22 |     8 ||    42
       Spear             |    14 |       |       |       ||    14
       Whip              |     5 |   117 |     3 |       ||   125
       Long sword        |       |       |    21 |    85 ||   106
 Cast: Magic Dart        |    41 |    38 |    72 |    30 ||   181
       Searing Ray       |     3 |    10 |    34 |    27 ||    74
       Iskenderun's Myst |       |     1 |     8 |    10 ||    19
       Fulminant Prism   |       |       |     9 |    15 ||    24
  Use: Potion            |       |     1 |       |     2 ||     3
       Scroll            |       |       |    11 |     9 ||    20
 Stab: Sleeping          |     2 |     4 |     1 |       ||     7
  Eat: Chunk             |     2 |     6 |    14 |     7 ||    29
       Ration            |       |       |     1 |     4 ||     5
Armor: Skin              |    15 |    56 |   100 |    71 ||   242
Dodge: Dodged            |    34 |   107 |   140 |   102 ||   383
       Rpst.: Long sword |       |       |     9 |    26 ||    35

Table legend:
 A = Non-vault XP
 B = Vault XP
 C = Vault XP percentage of total XP
 D = Non-vault monster count
 E = Vault monster count
 F = Vault count percentage of total count
                 A         B        C        D         E       F
            +---------+---------+-------+---------+---------+-------
      Total |    5849 |    4607 |  44.1 |     182 |      30 |  14.2
            +---------+---------+-------+---------+---------+-------
        D:1 |      31 |       0 |   0.0 |      19 |       0 |   0.0
        D:2 |      93 |       0 |   0.0 |      27 |       0 |   0.0
        D:3 |     226 |     625 |  73.4 |      23 |       2 |   8.0
        D:4 |     584 |     191 |  24.6 |      16 |       2 |  11.1
        D:5 |     269 |     635 |  70.2 |      11 |       5 |  31.2
        D:6 |     812 |       0 |   0.0 |      19 |       0 |   0.0
        D:7 |    1105 |       0 |   0.0 |      24 |       0 |   0.0
        D:8 |    1560 |    1407 |  47.4 |      21 |       6 |  22.2
        D:9 |    1169 |    1749 |  59.9 |      22 |      15 |  40.5
            +---------+---------+-------+---------+---------+-------
